 Dungeon Crawl Stone Soup version 0.30-a0-141-g30f27751c5 (webtiles) character file.

Game seed: 14270154125837477532

32 brightshaft the Shooter (level 3, -1/21 HPs)
             Began as a Tengu Hunter on Sept 25, 2022.
             Slain by a goblin
             ... wielding a +0 dagger
             ... led by Robin
              (2 damage)
             ... on level 2 of the Dungeon.
             The game lasted 00:02:38 (1293 turns).

brightshaft the Shooter (Tengu Hunter)              Turns: 1293, Time: 00:02:39

Health: -1/21      AC:  3    Str: 11    XL:     3   Next: 25%
Magic:  4/4        EV: 12    Int:  9    God:
Gold:   46         SH:  0    Dex: 19    Spells: 2/2 levels left

rFire   + + .      SeeInvis .    a - +0 shortbow
rCold   + . .      Faith    .    (shield currently unavailable)
rNeg    . . .      Spirit   .    c - +0 leather armour
rPois   +          Reflect  .    (helmet restricted)
rElec   +          Harm     .    (no cloak)
rCorr   +          Rampage  .    (no gloves)
Will    .....                    (boots unavailable)
Stlth   ++........               (no amulet)
HPRegen 0.07/turn                i - ring of protection from fire
MPRegen 0.09/turn                (no ring)

@: resistant
A: beak, talons 3
a: no special abilities


You were on level 2 of the Dungeon.
You visited 1 branch of the dungeon, and saw 2 of its levels.

You collected 46 gold pieces.

Inventory:

Hand Weapons
 a - a +0 shortbow (weapon)
 l - a +1 hand axe of venom
Missiles
 h - 4 javelins
Armour
 c - a +0 leather armour (worn)
Magical Staves
 n - a staff of cold
Jewellery
 i - a ring of protection from fire (left hand)
 j - a ring of wizardry
 k - a ring of ice
Scrolls
 b - 2 scrolls of immolation
 e - a scroll of magic mapping {unknown}
 g - 3 scrolls of identify {unknown}
 m - 3 scrolls of torment {unknown}
Potions
 f - a potion of mutation {unknown}
 o - a potion of heal wounds {unknown}


   Skills:
 - Level 2.0 Fighting
 + Level 5.5 Ranged Weapons
 - Level 2.1 Dodging
 - Level 1.0 Stealth


You had 2 spell levels left.
You didn't know any spells.
Your spell library contained the following spells:

 Spells                   Type           Power      Damage    Failure   Level
 Magic Dart               Conj           0%         1d3       47%         1
 Searing Ray              Conj           0%         2d4       63%         2
 Fulminant Prism          Conj/Hex       0%         3d6       99%         4


Dungeon Overview and Level Annotations

Branches:
Dungeon (2/15)

Altars:

Annotations:
D:2 Robin


Innate Abilities, Weirdness & Mutations

You have a beak for a mouth.
You have claws for feet.


Message History

A hobgoblin comes into view.
You shoot an arrow. The arrow hits the hobgoblin!
You kill the hobgoblin!
Robin of the Strong Arm comes into view.
They are wielding a +0 club.
You shoot an arrow.
The arrow hits the hobgoblin but does no damage.
A goblin comes into view. It is wielding a +0 dagger.
Robin roars a battlecry!
The goblins go into a battle-frenzy!
You shoot an arrow. The arrow barely misses the hobgoblin.
A goblin comes into view. It is wielding a +0 club.
You shoot an arrow.
The arrow hits the hobgoblin but does no damage.
Robin throws the goblin at you! The goblin closely misses you.
Robin roars a battlecry!
The goblin hits you with a +0 club. The hobgoblin attacks as you move away!
The hobgoblin hits you. The goblin hits you but does no damage.
The goblin closely misses you.
A goblin comes into view. It is wielding a +0 club.
The goblin misses you. The goblin attacks as you move away!
The goblin misses you. The hobgoblin attacks as you move away!
The hobgoblin misses you.
A hobgoblin comes into view.
The hobgoblin hits you. The goblin attacks as you move away!
The goblin hits you with a +0 dagger.
* * * LOW HITPOINT WARNING * * *
The goblin hits you but does no damage.
A goblin comes into view. It is wielding a +0 club.
The goblin attacks as you move away! The goblin hits you with a +0 dagger.
* * * LOW HITPOINT WARNING * * *
The goblin attacks as you move away! The goblin misses you.
It was a potion of resistance.
You feel protected. The goblin misses you. The goblin attacks as you move away!
The goblin closely misses you.
The hobgoblin no longer looks unusually strong.
The goblin no longer looks unusually strong. x2
The goblin attacks as you move away! The goblin hits you with a +0 dagger.
You die...

##### ##...##
##########.....##
#...............#
#...............#####
#......gg............
#####.gggg.....#####
#..>.@##......#######
#....<##...).........
#.....##...g...######
#..............#
#.....#.#.g...##
#.....#.##...##
###.###..#g#.# #.
##...#.. .. #.)##


You could see Robin, 2 hobgoblins and 3 goblins.

Vanquished Creatures
  6 endoplasms (D:1)
  4 goblins
  5 hobgoblins
  A quokka (D:1)
  2 ball pythons
  5 bats (D:1)
  2 kobolds
  A rat (D:1)
26 creatures vanquished.

Notes
Turn   | Place    | Note
-------+----------+-------------------------------------------
     0 | D:1      | brightshaft the Tengu Hunter began the quest for the Orb.
     0 | D:1      | Reached XP level 1. HP: 12/12 MP: 2/2
   175 | D:1      | Reached XP level 2. HP: 17/17 MP: 3/3
   264 | D:1      | Reached skill level 5 in Ranged Weapons
   813 | D:1      | Reached XP level 3. HP: 21/21 MP: 4/4
  1279 | D:2      | Noticed Robin
  1290 | D:2      | HP: 1/21 [goblin/+0 dagger[Robin] (1)]
  1293 | D:2      | Slain by a goblin

Illustrated notes

Levels and vault maps discovered:
D:1:      heliophobic_arrival_dark_side_of_the_moon, layout_basic
D:2:      layout_rooms, shapermc_ecumenical_altar_petra, nrook_uturn,
          kennysheep_generic_room_4, uniq_robin, uniq_crazy_yiuf_cottage

Skill      XL: |  1  2 |
---------------+-------+-----
Ranged Weapons | 5 |  5.5
Fighting       | |  2.0
Dodging        | |  2.1
Stealth        | |  1.0

Action                   || total
-------------------------++-------
 Fire: Shortbow          ||    61
  Use: Potion            ||     1
Armor: Leather armour    ||    11
Dodge: Dodged            ||    25

Table legend: (Time is in decaauts)
 A = Elapsed time spent in this place.
 B = Non-inter-level travel time spent in this place.
 C = Inter-level travel time spent in this place.
 D = Time resting spent in this place.
 E = Time spent auto-exploring this place.
 F = Levels seen in this place.
 G = Mean time per level.
                   A        B        C        D        E       F      G
               +--------+--------+--------+--------+--------+-----+--------+
         Total |   1311 |   1299 |     12 |      0 |   1133 |   2 |  655.5 |
       Dungeon |   1311 |   1299 |     12 |      0 |   1133 |   2 |  655.5 |
               +--------+--------+--------+--------+--------+-----+--------+

Top non-repeatable levels by time:
     D:1: 1265 daAuts
     D:2: 45 daAuts
